[Event "Titled Tuesday Blitz July 25 Late 2023"]
[White "Bauman_Guy"]
[Black "Martins, Bruno Andre Leite"]
[BlackFideId "1942255"]
[WhiteElo "2789"]
[BlackElo "2539"]
[Result "1-0"]
[Round "4"]
[TimeControl "180+2"]
[Date "2023.07.25"]
[WhiteClock "0:01:41"]
[BlackClock "0:00:41"]
[Board "43"]

1. e4 c5 2. Nf3 d6 3. d4 cxd4 4. Nxd4 Nf6 5. Nc3 g6 6. Be3 Bg7 7. f3 O-O 8. Qd2 Nc6 9. O-O-O d5 10. exd5 Nxd5 11. Nxc6 bxc6 12. Bd4 Nxc3 13. Qxc3 Bh6+ 14. Be3 Bxe3+ 15. Qxe3 Qb6 16. Qc3 Be6 17. h4 Rfd8 18. Bd3 Qd4 19. Qxd4 Rxd4 20. Be4 Rxd1+ 21. Rxd1 Rc8 22. b3 Kg7 23. Kb2 Kf6 24. Rd4 Ke5 25. Ra4 Rc7 26. g3 f5 27. f4+ Kd6 28. Bd3 Bd5 29. c4 Bf3 30. Ra5 c5 31. Kc3 e5 32. fxe5+ Kxe5 33. b4 f4 34. gxf4+ Kxf4 35. Rxc5 Rxc5 36. bxc5 Kg4 37. Kd4 Kxh4 38. Be4 Bg4 39. c6 Kg5 40. Ke5 h5 41. c7 Bc8 42. Bd5 h4 43. Be6 Bb7 44. c8=Q Bxc8 45. Bxc8 Kh5 46. Bh3 g5 47. Kf5 1-0


[Site "https://www.chess.com"]

[Event "Titled Tuesday Blitz July 25 Late 2023"]
[White "Oro, Faustino"]
[Black "Principe, Alexander"]
[WhiteFideId "20000197"]
[BlackFideId "3804542"]
[WhiteElo "2785"]
[BlackElo "2538"]
[Result "1-0"]
[Round "4"]
[TimeControl "180+2"]
[Date "2023.07.25"]
[WhiteClock "0:00:09"]
[BlackClock "0:00:04"]
[Board "44"]

1. Nf3 Nf6 2. b3 g6 3. Bb2 Bg7 4. e3 d6 5. d4 b6 6. Be2 Bb7 7. O-O O-O 8. c4 Nbd7 9. Nbd2 Ne4 10. Rc1 Ndf6 11. Qc2 a5 12. Rfd1 c5 13. d5 Nxd2 14. Nxd2 a4 15. Bc3 Qd7 16. e4 Ne8 17. f4 Bxc3 18. Qxc3 Ng7 19. e5 axb3 20. axb3 Qf5 21. Rf1 Ra2 22. Bd3 Qg4 23. h3 Qd7 24. Ne4 Nf5 25. exd6 Nxd6 26. Ng5 b5 27. Rce1 bxc4 28. bxc4 e6 29. Be4 exd5 30. Bxd5 Bxd5 31. cxd5 h6 32. Nf3 c4 33. Ne5 Qa7+ 34. Kh1 h5 35. Nc6 Qc5 36. Qf6 Nf5 37. Qg5 Qxd5 38. Ne5 h4 39. Rf3 Qd2 40. Rg1 Kg7 41. Nxc4 Qe2 42. Ne5 Ng3+ 43. Kh2 Nf5 44. Rb3 Re8 45. Ng4 Qe6 46. Rd3 Re7 47. Ne5 Re2 48. Nf3 Ng3 49. Qxh4 Nf5 50. Qg5 Re3 51. Rxe3 Qxe3 52. Re1 Qxe1 53. Nxe1 Rxe1 54. g4 Re2+ 55. Kg1 Ne3 56. Qe5+ Kg8 57. Qf6 Nd5 58. Qd8+ 1-0


[Site "https://www.chess.com"]

[Event "Titled Tuesday Blitz July 25 Late 2023"]
[White "Przybylski, Wojciech"]
[Black "Basso, Pier Luigi"]
[WhiteFideId "1117599"]
[BlackFideId "866970"]
[WhiteElo "2538"]
[BlackElo "2783"]
[Result "0-1"]
[Round "4"]
[TimeControl "180+2"]
[Date "2023.07.25"]
[WhiteClock "0:00:01"]
[BlackClock "0:01:57"]
[Board "45"]

1. e4 e5 2. Nf3 d6 3. h3 Nf6 4. Nc3 Nc6 5. Bc4 Nxe4 6. Nxe4 d5 7. Bb5 dxe4 8. Nxe5 Qg5 9. Bxc6+ bxc6 10. Ng4 f5 11. d4 Qg6 12. Ne3 f4 13. Ng4 h5 14. Ne5 Qxg2 15. Kd2 Qxf2+ 16. Kc3 Qg3+ 17. Nd3 exd3 18. Re1+ Kd8 19. cxd3 a5 20. a3 Bb4+ 21. axb4 axb4+ 22. Kxb4 Rxa1 23. Qe2 Qg5 24. d5 Bd7 25. d4 Re8 26. Qf2 Rxe1 27. Qxe1 Qe7+ 28. d6 Qxe1+ 0-1


[Site "https://www.chess.com"]

[Event "Titled Tuesday Blitz July 25 Late 2023"]
[White "Wu, Derek"]
[Black "ElDivis"]
[WhiteFideId "30914558"]
[WhiteElo "2771"]
[BlackElo "2536"]
[Result "1/2-1/2"]
[Round "4"]
[TimeControl "180+2"]
[Date "2023.07.25"]
[WhiteClock "0:00:05"]
[BlackClock "0:00:11"]
[Board "46"]

1. e4 c5 2. Nf3 d6 3. d4 cxd4 4. Nxd4 Nf6 5. Nc3 g6 6. Be3 Bg7 7. f3 O-O 8. Qd2 Nc6 9. O-O-O d5 10. exd5 Nxd5 11. Nxc6 bxc6 12. Bd4 Nxc3 13. Qxc3 Bh6+ 14. Be3 Bxe3+ 15. Qxe3 Qb6 16. Re1 Be6 17. b3 Rfd8 18. h4 Qxe3+ 19. Rxe3 a5 20. a4 Rd4 21. Rc3 Rad8 22. Bd3 R8d6 23. h5 Kg7 24. hxg6 hxg6 25. Kb2 Rb4 26. Re1 Kf6 27. Re3 Rb6 28. Rc5 Rd5 29. Rc3 Rg5 30. g4 Re5 31. Rxe5 Kxe5 32. Rc5+ Kf4 33. Rxa5 Kxf3 34. g5 Kf4 35. Rc5 Bf5 36. a5 Rb8 37. Rxc6 e5 38. Bc4 e4 39. Bxf7 e3 40. Bc4 Rb4 41. Rc7 Be4 42. Kc3 Rb8 43. Rf7+ Kg3 44. a6 Bf3 45. a7 Ra8 46. Rxf3+ Kxf3 47. Bd5+ Kf2 48. Bxa8 e2 49. Kb2 e1=Q 50. Bc6 Qe5+ 51. Kb1 Qe1+ 52. Kb2 Qe5+ 53. Kb1 Qe1+ 54. Kb2 1/2-1/2


[Site "https://www.chess.com"]

[Event "Titled Tuesday Blitz July 25 Late 2023"]
[White "Nenezic, Marko"]
[Black "Garakov, Mikhael"]
[WhiteFideId "912123"]
[BlackFideId "4169034"]
[WhiteElo "2770"]
[BlackElo "2530"]
[Result "1-0"]
[Round "4"]
[TimeControl "180+2"]
[Date "2023.07.25"]
[WhiteClock "0:00:58"]
[BlackClock "0:00:00"]
[Board "47"]

1. d4 c5 2. d5 g6 3. e4 Bg7 4. c4 d6 5. Nc3 e6 6. Bd3 Ne7 7. Nf3 O-O 8. O-O exd5 9. cxd5 Bg4 10. h3 Bxf3 11. Qxf3 a6 12. a4 Nd7 13. Qd1 Qc7 14. Re1 c4 15. Bf1 Rfb8 16. Bg5 Nc8 17. h4 b5 18. axb5 axb5 19. Rxa8 Rxa8 20. Nxb5 Qc5 21. Nc3 Qb4 22. Qd2 Rb8 23. Nd1 Ne5 24. Qxb4 Rxb4 25. Bd2 Rb3 26. Bc3 Nb6 27. Ne3 Nd3 28. Bxd3 cxd3 29. Rd1 Bxc3 30. Rxd3 Na4 31. bxc3 Nxc3 32. Kh2 h5 33. Nc4 Kg7 34. Nxd6 Ra3 35. Nc4 Rb3 36. d6 1-0


[Site "https://www.chess.com"]

[Event "Titled Tuesday Blitz July 25 Late 2023"]
[White "Pulpan, Jakub"]
[Black "Karamsetty, Jeevan"]
[WhiteFideId "302759"]
[BlackFideId "2025337"]
[WhiteElo "2769"]
[BlackElo "2530"]
[Result "1-0"]
[Round "4"]
[TimeControl "180+2"]
[Date "2023.07.25"]
[WhiteClock "0:00:08"]
[BlackClock "0:00:00"]
[Board "48"]

1. Nf3 g6 2. g3 Bg7 3. Bg2 Nf6 4. O-O O-O 5. b3 d6 6. d4 a5 7. a4 b6 8. Bb2 Bb7 9. Nbd2 Nbd7 10. Re1 Re8 11. e4 e5 12. dxe5 dxe5 13. Qe2 c6 14. Qe3 Qc7 15. Red1 Ba6 16. Bf1 Bxf1 17. Kxf1 Nc5 18. Kg2 Rad8 19. h3 h5 20. Ba3 Ne6 21. Nc4 Nd4 22. Rac1 c5 23. Ncd2 Qc6 24. c3 Nxf3 25. Qxf3 Bh6 26. Rc2 Bxd2 27. Rcxd2 Rxd2 28. Rxd2 Nxe4 29. Rd1 f5 30. c4 Kg7 31. Bb2 Kf6 32. h4 Re6 33. Rd5 Nd6 34. Kh2 Nf7 35. Qd3 Qe8 36. Rd7 Re7 37. Rd5 Kg7 38. f4 Kh7 39. Qc3 Nh6 40. Kh3 exf4 41. Qf6 Ng4 42. Qxb6 Nf2+ 43. Kg2 Ng4 44. Kh3 fxg3 45. Rd8 Nf2+ 46. Kg2 Ng4 47. Rxe8 Rxe8 48. Qc7+ 1-0


[Site "https://www.chess.com"]

[Event "Titled Tuesday Blitz July 25 Late 2023"]
[White "NigelDwarf"]
[Black "Krishna C R G"]
[BlackFideId "5018625"]
[WhiteElo "2530"]
[BlackElo "2769"]
[Result "1-0"]
[Round "4"]
[TimeControl "180+2"]
[Date "2023.07.25"]
[WhiteClock "0:00:17"]
[BlackClock "0:00:23"]
[Board "49"]

1. Nf3 f5 2. d3 d6 3. e4 e5 4. Nc3 Nc6 5. h3 Be7 6. d4 Nxd4 7. Nxd4 exd4 8. Qxd4 Bf6 9. Qc4 Ne7 10. Bd3 c6 11. Bf4 Qb6 12. O-O-O fxe4 13. Qxe4 Bf5 14. Qf3 O-O-O 15. Bxd6 Bxd3 16. Rxd3 Bxc3 17. Qg4+ Rd7 18. Qxd7+ Kxd7 19. Bc5+ Nd5 20. Bxb6 axb6 21. bxc3 b5 22. a4 Ra8 23. Rd4 Kc7 24. Re1 bxa4 25. c4 Nf6 26. c5 Ra5 27. Re7+ Kb8 28. Rb4 Nd5 29. Rbxb7+ Kc8 30. Ra7 1-0


[Site "https://www.chess.com"]

[Event "Titled Tuesday Blitz July 25 Late 2023"]
[White "Morefield, Jason"]
[Black "Martinez Reyes, Pedro Ramon"]
[WhiteFideId "30920825"]
[BlackFideId "3901807"]
[WhiteElo "2764"]
[BlackElo "2528"]
[Result "1-0"]
[Round "4"]
[TimeControl "180+2"]
[Date "2023.07.25"]
[WhiteClock "0:01:16"]
[BlackClock "0:00:17"]
[Board "50"]

1. e4 c5 2. Nf3 Nc6 3. d4 cxd4 4. Nxd4 d5 5. exd5 Qxd5 6. Be3 e6 7. a3 Nf6 8. Nc3 Qe5 9. Nxc6 bxc6 10. Qf3 Bb7 11. O-O-O Be7 12. Bd3 O-O 13. g4 Rfd8 14. g5 Nd5 15. Nxd5 cxd5 16. h4 Qc7 17. Bd4 e5 18. Qf5 e4 19. Be2 Bd6 20. Qh3 Rac8 21. c3 Qa5 22. h5 Rb8 23. g6 Bf4+ 24. Kb1 Bc8 25. gxf7+ Kxf7 26. Qh4 Bf5 27. Qxf4 g6 28. hxg6+ hxg6 29. Rh7+ Ke6 30. Qe5# 1-0


[Site "https://www.chess.com"]

[Event "Titled Tuesday Blitz July 25 Late 2023"]
[White "AyMitecK"]
[Black "Elsa167"]
[WhiteElo "2520"]
[BlackElo "2764"]
[Result "0-1"]
[Round "4"]
[TimeControl "180+2"]
[Date "2023.07.25"]
[WhiteClock "0:01:04"]
[BlackClock "0:01:26"]
[Board "51"]

1. e4 e6 2. d4 d5 3. Nc3 Bb4 4. exd5 exd5 5. Bd3 Nc6 6. Ne2 Nge7 7. O-O Bf5 8. Re1 O-O 9. a3 Bxc3 10. bxc3 Qd7 11. Rb1 Bxd3 12. cxd3 b6 13. Ng3 Rae8 14. Re3 Nf5 15. Rf3 Nxg3 16. Rxg3 Ne7 17. a4 Nf5 18. Rf3 Qxa4 19. Qd2 Nh4 20. Rh3 Ng6 21. f4 f5 22. Rg3 Re6 23. Rb4 Qd7 24. h3 Rfe8 25. Kh2 Re2 26. Qd1 Re1 27. Qc2 R8e2 28. Bd2 Rf1 29. Re3 Rff2 30. Rxe2 Rxe2 31. Qd1 Qe6 32. c4 Nh4 33. cxd5 Rxg2+ 34. Kh1 Qxd5 0-1


[Site "https://www.chess.com"]

[Event "Titled Tuesday Blitz July 25 Late 2023"]
[White "Kochiev, Ivan"]
[Black "Bolourchifard, Farzad"]
[WhiteFideId "2917890"]
[BlackFideId "12510084"]
[WhiteElo "2519"]
[BlackElo "2763"]
[Result "1-0"]
[Round "4"]
[TimeControl "180+2"]
[Date "2023.07.25"]
[WhiteClock "0:00:14"]
[BlackClock "0:00:22"]
[Board "52"]

1. e4 e5 2. Nf3 Nc6 3. Bc4 Bc5 4. c3 Nf6 5. d3 a6 6. Bb3 d6 7. O-O h6 8. Nbd2 Be6 9. Re1 Ba7 10. Nf1 g5 11. Be3 g4 12. N3d2 Qe7 13. Bxa7 Rxa7 14. Ne3 h5 15. Nd5 Qd8 16. Qe2 Kf8 17. Qe3 Ra8 18. d4 exd4 19. cxd4 Bxd5 20. exd5 Ne7 21. Qg5 Neg8 22. Nf1 h4 23. Ne3 Rh5 24. Qf4 Qd7 25. Rac1 Re8 26. f3 g3 27. hxg3 hxg3 28. Qxg3 Rh7 29. Bc2 Rg7 30. Qh4 Qb5 31. Nf5 Rh7 32. Rxe8+ Qxe8 33. Qg3 Qe2 34. Bb1 Ne8 35. Re1 Qd2 36. Qxg8+ Kxg8 37. Rxe8# 1-0


[Site "https://www.chess.com"]

[Event "Titled Tuesday Blitz July 25 Late 2023"]
[White "Fantastic_Power"]
[Black "Deng, Henry"]
[BlackFideId "30965454"]
[WhiteElo "2757"]
[BlackElo "2518"]
[Result "0-1"]
[Round "4"]
[TimeControl "180+2"]
[Date "2023.07.25"]
[WhiteClock "0:00:03"]
[BlackClock "0:00:30"]
[Board "53"]

1. e4 c5 2. d4 cxd4 3. Nf3 Nc6 4. Nxd4 Nf6 5. Nc3 e6 6. Ndb5 Bc5 7. Bf4 O-O 8. Bc7 Qe7 9. Bd6 Bxd6 10. Qxd6 Qd8 11. O-O-O a6 12. Nd4 Ne7 13. g4 b5 14. g5 Ne8 15. Qg3 Qa5 16. Nb3 Qb6 17. f4 b4 18. Ne2 Bb7 19. Bg2 d5 20. f5 exf5 21. exd5 Nd6 22. Rhe1 Ng6 23. Nf4 Rac8 24. h4 a5 25. Nd4 Rc4 26. Nxg6 hxg6 27. Nc6 Bxc6 28. dxc6 Ne4 29. Bxe4 fxe4 30. Qd6 Rxc6 31. Qd5 Rfc8 32. Re2 e3 33. Rh1 a4 34. Kb1 Rd6 35. Qe4 b3 36. axb3 axb3 37. cxb3 Qxb3 38. Rxe3 Rd1+ 39. Rxd1 Qxd1+ 40. Ka2 Qd7 41. Rd3 Qb5 42. Rb3 Qa5+ 43. Ra3 Qb5 44. Rb3 Qa5+ 45. Ra3 Qb5 46. Qd4 Qc6 47. Rc3 Qe6+ 48. Kb1 Qe1+ 49. Kc2 Re8 50. Rd3 Qe2+ 51. Kb3 Qe6+ 52. Kc2 Rc8+ 53. Rc3 Re8 54. Rd3 Qc6+ 55. Rc3 Qg2+ 56. Kb3 Rb8+ 57. Ka4 Qa8+ 0-1


[Site "https://www.chess.com"]

[Event "Titled Tuesday Blitz July 25 Late 2023"]
[White "Molenda, Marcin"]
[Black "Santos Ruiz, Miguel"]
[WhiteFideId "1173065"]
[BlackFideId "22291482"]
[WhiteElo "2517"]
[BlackElo "2756"]
[Result "1-0"]
[Round "4"]
[TimeControl "180+2"]
[Date "2023.07.25"]
[WhiteClock "0:01:47"]
[BlackClock "0:00:20"]
[Board "54"]

1. e4 c6 2. Nf3 d5 3. Nc3 dxe4 4. Nxe4 Nf6 5. Qe2 Na6 6. Nxf6+ gxf6 7. d4 Nc7 8. g3 Bg4 9. c3 e6 10. Bg2 Be7 11. Bf4 Nd5 12. Bd2 a5 13. O-O h5 14. c4 Nb4 15. Bc3 h4 16. a3 Na6 17. Rad1 Nc7 18. Qe3 Qd7 19. Rfe1 a4 20. Qf4 f5 21. Ne5 Qd6 22. c5 Qd8 23. Nxg4 fxg4 24. d5 cxd5 25. Bxh8 h3 26. Bf1 Kd7 27. Be5 Bxc5 28. Bxc7 Qxc7 29. Qxf7+ 1-0


[Site "https://www.chess.com"]

[Event "Titled Tuesday Blitz July 25 Late 2023"]
[White "Rizzo, Tobias"]
[Black "Matinian, Nikita"]
[WhiteFideId "30942691"]
[BlackFideId "24129100"]
[WhiteElo "2517"]
[BlackElo "2748"]
[Result "1-0"]
[Round "4"]
[TimeControl "180+2"]
[Date "2023.07.25"]
[WhiteClock "0:00:22"]
[BlackClock "0:00:00"]
[Board "55"]

1. d4 Nf6 2. Bg5 d5 3. Bxf6 gxf6 4. e3 c5 5. dxc5 e6 6. c4 dxc4 7. Qxd8+ Kxd8 8. Bxc4 Bxc5 9. Nc3 Ke7 10. O-O-O a6 11. Ne4 Ba7 12. a4 Nc6 13. Nf3 Rg8 14. g3 Bd7 15. Nxf6 Kxf6 16. Rxd7 Rg4 17. b3 Bb8 18. h3 Rg8 19. Rhd1 b5 20. axb5 axb5 21. Bxb5 Ne5 22. Nxe5 Bxe5 23. Ba4 Rgc8+ 24. Kb1 Rab8 25. f4 Bc3 26. e4 Rc4 27. Ka2 Rc5 28. e5+ Kg7 29. Re7 Bb4 30. Red7 Rc2+ 31. Kb1 Rh2 32. h4 Rc8 33. Rc1 Bc3 34. Rd3 Rb2+ 35. Ka1 Rc2+ 36. Kb1 Rb2+ 37. Ka1 Rxb3+ 38. Ka2 Rb2+ 39. Ka3 Bb4+ 40. Kxb2 Rb8 41. Bb3 Be7 42. Rc7 Bd8 43. Ra7 1-0


[Site "https://www.chess.com"]

[Event "Titled Tuesday Blitz July 25 Late 2023"]
[White "Tanenbaum, Zachary"]
[Black "Terletsky, Oleg"]
[WhiteFideId "2060850"]
[BlackFideId "14116774"]
[WhiteElo "2741"]
[BlackElo "2516"]
[Result "1-0"]
[Round "4"]
[TimeControl "180+2"]
[Date "2023.07.25"]
[WhiteClock "0:00:29"]
[BlackClock "0:00:06"]
[Board "56"]

1. e4 e5 2. Nf3 Nc6 3. Bc4 Nf6 4. d3 h6 5. c3 d6 6. Nbd2 g6 7. d4 Bg4 8. Qb3 Qd7 9. Qxb7 Rb8 10. Qa6 exd4 11. cxd4 Bg7 12. Bb5 Rb6 13. Qa4 a6 14. Bxc6 Qxc6 15. Qxc6+ Rxc6 16. d5 Rb6 17. h3 Bxf3 18. gxf3 Nd7 19. Rb1 g5 20. h4 Ne5 21. Ke2 gxh4 22. f4 Ng6 23. Nc4 Rb4 24. b3 Bd4 25. Bd2 Rb8 26. Na5 Bb6 27. Nc6 Ra8 28. f5 Ne5 29. Nxe5 dxe5 30. Rxh4 h5 31. Rbh1 Ke7 32. Rxh5 Rxh5 33. Rxh5 a5 34. Rh7 a4 35. Bg5+ Kd7 36. Rxf7+ Kd6 37. b4 a3 38. Be7+ Kd7 39. Bc5+ Kc8 40. Rf8+ Kb7 41. Rxa8 1-0


[Site "https://www.chess.com"]

[Event "Titled Tuesday Blitz July 25 Late 2023"]
[White "NLLO777"]
[Black "Remizov, Yaroslav"]
[BlackFideId "34134015"]
[WhiteElo "2515"]
[BlackElo "2739"]
[Result "0-1"]
[Round "4"]
[TimeControl "180+2"]
[Date "2023.07.25"]
[WhiteClock "0:01:02"]
[BlackClock "0:01:35"]
[Board "57"]

1. Nf3 g5 2. Nxg5 e5 3. d3 d5 4. e4 dxe4 5. dxe4 Qxd1+ 6. Kxd1 Nc6 7. c3 f6 8. Nf3 Bg4 9. Nd2 O-O-O 10. Kc2 Bc5 11. Bb5 Bxf2 12. Bxc6 bxc6 13. Rf1 Bb6 14. h3 Be6 15. a4 Ne7 16. a5 Be3 17. Nb3 Bc4 18. Bxe3 Bd3+ 19. Kc1 Bxf1 20. Bxa7 Bxg2 21. Nfd2 Rhg8 22. Bc5 Ng6 23. a6 Nf4 24. a7 Kb7 25. Na5+ Ka8 26. Nxc6 Nd3+ 27. Kc2 Nxc5 28. Nxd8 Rxd8 0-1


[Site "https://www.chess.com"]

[Event "Titled Tuesday Blitz July 25 Late 2023"]
[White "Taboas Rodriguez, Daniel"]
[Black "Koellner, Ruben Gideon"]
[WhiteFideId "2208466"]
[BlackFideId "12993093"]
[WhiteElo "2514"]
[BlackElo "2712"]
[Result "0-1"]
[Round "4"]
[TimeControl "180+2"]
[Date "2023.07.25"]
[WhiteClock "0:00:00"]
[BlackClock "0:00:34"]
[Board "58"]

1. d4 d6 2. Nf3 Nf6 3. c4 g6 4. Nc3 Bf5 5. d5 e5 6. dxe6 Bxe6 7. e4 Bg7 8. Be2 O-O 9. O-O Nc6 10. h3 Ne5 11. Nxe5 dxe5 12. Be3 Qxd1 13. Rfxd1 c6 14. Bc5 Rfe8 15. Bd6 Nd7 16. b4 Bf8 17. a3 Bxd6 18. Rxd6 Kf8 19. Rad1 Ke7 20. c5 Red8 21. Kh2 f5 22. g3 Nf6 23. exf5 gxf5 24. f4 e4 25. Kg2 Rxd6 26. Rxd6 a5 27. b5 Rc8 28. bxc6 Rxc6 29. Rxc6 bxc6 30. Bd1 Nd7 31. Na4 Bc4 32. Kf2 Ke6 33. Ke3 Bf1 34. h4 Bb5 35. g4 Nf6 36. Nc3 fxg4 37. Nxe4 Nd5+ 38. Kd4 Nxf4 39. Bxg4+ Ke7 40. Nd6 Ba4 41. Bf5 h6 42. Be4 Ne6+ 43. Kc4 Kf6 44. Nf5 Bb5+ 45. Kc3 Nxc5 46. Bc2 Na4+ 47. Kd4 Kg6 0-1


[Site "https://www.chess.com"]

[Event "Titled Tuesday Blitz July 25 Late 2023"]
[White "Toniutti, Ezio"]
[Black "Adewumi, Tanitoluwa"]
[WhiteFideId "113034"]
[BlackFideId "30966396"]
[WhiteElo "2514"]
[BlackElo "2691"]
[Result "0-1"]
[Round "4"]
[TimeControl "180+2"]
[Date "2023.07.25"]
[WhiteClock "0:00:00"]
[BlackClock "0:00:02"]
[Board "59"]

1. d4 Nf6 2. c4 e6 3. g3 d5 4. Bg2 Bb4+ 5. Bd2 Bd6 6. Nf3 O-O 7. O-O Nbd7 8. Qc2 c6 9. Rd1 Qe7 10. Bg5 h6 11. Bxf6 Nxf6 12. Nbd2 b6 13. a4 Ba6 14. a5 Bb4 15. Ne5 Rfc8 16. e4 bxa5 17. exd5 cxd5 18. c5 Be2 19. Rdc1 Rab8 20. Nb3 Bb5 21. Nxa5 Nd7 22. Nf3 e5 23. Bh3 exd4 24. Nxd4 Rxc5 25. Qd1 Rxc1 26. Qxc1 Ne5 27. Bg2 Nd3 28. Nac6 Bxc6 29. Nxc6 Nxc1 30. Nxe7+ Bxe7 31. Rxc1 Rxb2 32. Bxd5 Bf6 33. Rc7 a5 34. Rxf7 Kh8 35. Kg2 a4 36. Ra7 Rb4 37. Bc6 Rb2 38. Rxa4 Be7 39. Be4 g5 40. Ra8+ Kg7 41. Ra7 Kf6 42. Ra6+ Ke5 43. Bf3 Bc5 44. Ra5 Rxf2+ 45. Kh3 Rc2 46. Ra6 Bg1 47. Kg4 Rxh2 48. Ra5+ Kf6 49. Ra6+ Kg7 50. Ra7+ Kg6 51. Ra6+ Kf7 52. Ra7+ Ke6 53. Ra6+ Kf7 54. Be4 Be3 55. Ra7+ Bxa7 0-1


[Site "https://www.chess.com"]

[Event "Titled Tuesday Blitz July 25 Late 2023"]
[White "Jaracz, Pawel"]
[Black "O`Gorman, Tom"]
[WhiteFideId "1102222"]
[BlackFideId "2508249"]
[WhiteElo "2690"]
[BlackElo "2513"]
[Result "1-0"]
[Round "4"]
[TimeControl "180+2"]
[Date "2023.07.25"]
[WhiteClock "0:01:26"]
[BlackClock "0:00:45"]
[Board "60"]

1. e4 e5 2. Nf3 Nc6 3. Bc4 Bc5 4. c3 Nf6 5. d3 d6 6. Nbd2 a6 7. Bb3 Ba7 8. h3 h6 9. Nf1 d5 10. Qe2 dxe4 11. dxe4 Nh5 12. g3 Qe7 13. Be3 Be6 14. Bxa7 Rxa7 15. Ne3 O-O 16. Nh4 Nf6 17. Nhf5 Qc5 18. Qf3 Nh7 19. Qg4 g6 20. Nxh6+ Kg7 21. Nhf5+ Kh8 22. Bxe6 fxe6 23. Nh4 Ne7 24. Qxe6 Rf6 25. Qc4 Qb6 26. Ng4 Rf8 27. O-O-O Raa8 28. Nxe5 Qxf2 29. Nexg6+ Nxg6 30. Nxg6+ Kg7 31. Nxf8 1-0


[Site "https://www.chess.com"]

[Event "Titled Tuesday Blitz July 25 Late 2023"]
[White "Gasparyan, David"]
[Black "Goltsev, Dmitry"]
[WhiteFideId "13311980"]
[BlackFideId "24176710"]
[WhiteElo "2512"]
[BlackElo "2687"]
[Result "1-0"]
[Round "4"]
[TimeControl "180+2"]
[Date "2023.07.25"]
[WhiteClock "0:00:30"]
[BlackClock "0:00:02"]
[Board "61"]

1. Nf3 d5 2. d4 c6 3. Bf4 Nf6 4. e3 Nbd7 5. Bd3 g6 6. Nbd2 Bg7 7. c4 O-O 8. O-O Re8 9. a4 Nf8 10. a5 Ne6 11. Bg3 h6 12. h3 Ng5 13. Qc2 Nh5 14. Be5 Bxe5 15. Nxe5 Ng7 16. f4 N5e6 17. Ndf3 Nf8 18. Nh4 Be6 19. c5 Qc8 20. Rf3 Nf5 21. Nxf5 Bxf5 22. Bxf5 Qxf5 23. Qxf5 gxf5 24. Rg3+ Kh7 25. a6 Reb8 26. Ra2 f6 27. axb7 Rxb7 28. Nxc6 Ne6 29. b4 a6 30. Rf3 Nd8 31. Nxd8 Rxd8 32. Rxa6 Rxb4 33. Ra7 Re8 34. Rf1 Kg6 35. Rc1 Kf7 36. c6 Rc8 37. Rc5 Ke6 38. Kf2 Kd6 39. Rd7+ Ke6 40. Rdxd5 Rxc6 41. Rxf5 Rb2+ 42. Kf3 Ra6 43. g4 Raa2 44. Ke4 Re2 45. Rc3 Rh2 46. Rh5 Rag2 47. Rc6+ Kd7 48. Ra6 Rb2 49. Rxh6 Rb3 50. Ra7+ Kd6 51. Kf3 Rd2 52. Ra6+ Kd7 53. Ra1 Rdd3 54. Re1 Rxd4 55. h4 Rd2 56. h5 Rbb2 57. Rh8 Rf2+ 58. Ke4 Rg2 59. Rg8 Rb4+ 60. Kf3 Rbb2 61. Rd1+ Ke6 62. h6 Rh2 63. Rh8 Rbf2+ 64. Ke4 Rfg2 65. f5+ Kf7 66. Rdd8 e6 67. Rh7# 1-0


[Site "https://www.chess.com"]

[Event "Titled Tuesday Blitz July 25 Late 2023"]
[White "Sabuk, Piotr"]
[Black "Kanakaris, Georgios"]
[WhiteFideId "1137565"]
[BlackFideId "4209460"]
[WhiteElo "2687"]
[BlackElo "2510"]
[Result "1-0"]
[Round "4"]
[TimeControl "180+2"]
[Date "2023.07.25"]
[WhiteClock "0:00:17"]
[BlackClock "0:00:00"]
[Board "62"]

1. e4 e6 2. d4 d5 3. exd5 exd5 4. Nf3 Nc6 5. Bb5 Bg4 6. O-O Bd6 7. Qe1+ Ne7 8. Ne5 Bf5 9. Nxc6 bxc6 10. Bxc6+ Kf8 11. Bxa8 Qxa8 12. Bg5 f6 13. Bh4 Bxc2 14. Bg3 Bxg3 15. hxg3 Bd3 16. Nd2 Bxf1 17. Qxf1 Kf7 18. Nb3 Re8 19. Rc1 c6 20. Qd3 h6 21. Nc5 Qb8 22. b3 Qb5 23. g4 Qxd3 24. Nxd3 Ke6 25. f3 Rb8 26. Kf2 a5 27. Re1+ Kf7 28. Ke3 Nc8 29. Nc5 Na7 30. Kd3 Nb5 31. Re6 Na7 32. f4 Rd8 33. f5 Re8 34. Rxe8 Kxe8 35. Nb7 Kf7 36. Nxa5 g6 37. Nb7 gxf5 38. gxf5 h5 39. a4 Ke7 40. Nc5 Kd6 41. Ne6 Nc8 42. Nf4 Ne7 43. Nxh5 Nxf5 44. Nxf6 1-0


[Site "https://www.chess.com"]

[Event "Titled Tuesday Blitz July 25 Late 2023"]
[White "Bryakin, Mikhail"]
[Black "Womacka, Mathias"]
[WhiteFideId "4165314"]
[BlackFideId "4611390"]
[WhiteElo "2685"]
[BlackElo "2509"]
[Result "0-1"]
[Round "4"]
[TimeControl "180+2"]
[Date "2023.07.25"]
[WhiteClock "0:01:52"]
[BlackClock "0:00:21"]
[Board "63"]

1. e4 c5 2. d4 cxd4 3. Qxd4 Nc6 4. Qd3 Nf6 5. Nc3 g6 6. Nf3 Bg7 7. Be2 d6 8. O-O O-O 9. Nd5 Nxd5 10. exd5 Bf5 11. Qb3 Nd4 12. Nxd4 Bxd4 13. c3 Bg7 14. Qxb7 a5 15. Qb3 a4 16. Qa3 Qa5 17. Be3 Qxd5 18. Bf3 Be4 19. Rfd1 Qb7 20. Bxe4 Qxe4 21. Bd4 Rfb8 22. Bxg7 Kxg7 23. Rd2 Rb5 24. Rad1 Rab8 25. f3 Qb7 26. Qxa4 Rxb2 27. Qd4+ Kg8 28. h4 Rxd2 29. Rxd2 Qb6 30. a4 Qxd4+ 31. cxd4 Kf8 32. Ra2 Ke8 33. a5 Kd7 34. a6 Ra8 35. a7 Kc7 36. Kf2 Kb6 37. Rb2+ Kxa7 38. Ke3 Rb8 39. Rc2 Kb7 40. Kf4 Rc8 41. Re2 e6 42. Kg5 Rc4 43. Rd2 Kc6 44. d5+ exd5 45. g3 Rc3 46. Rf2 d4 47. Kh6 d3 48. Rd2 Kd5 49. Kxh7 Kd4 50. Kg7 Ke3 51. Rd1 Ke2 52. Rh1 d2 53. Kxf7 Rxf3+ 54. Kxg6 Rxg3+ 55. Kf5 d1=Q 56. Rxd1 Kxd1 0-1


[Site "https://www.chess.com"]

[Event "Titled Tuesday Blitz July 25 Late 2023"]
[White "Fisher_TheGalactic"]
[Black "PerAsperaAdAstraCB"]
[WhiteElo "2682"]
[BlackElo "2508"]
[Result "1-0"]
[Round "4"]
[TimeControl "180+2"]
[Date "2023.07.25"]
[WhiteClock "0:00:06"]
[BlackClock "0:00:00"]
[Board "64"]

1. Nf3 d5 2. g3 c6 3. Bg2 Nf6 4. O-O Bf5 5. d3 e6 6. Nbd2 h6 7. Re1 Be7 8. b3 Nbd7 9. Bb2 Bh7 10. e4 O-O 11. Qe2 a5 12. a4 Qb6 13. Bd4 Bc5 14. Bxc5 Nxc5 15. Ne5 Rad8 16. Qe3 Nfd7 17. Nxd7 Nxd7 18. Qe2 Qb4 19. Rac1 Nb6 20. h4 Qc3 21. Qe3 Nd7 22. Nb1 Qb4 23. Kh2 dxe4 24. dxe4 Nc5 25. Nc3 Qd4 26. Qxd4 Rxd4 27. Re2 Rfd8 28. Rce1 e5 29. Kg1 Kf8 30. f3 Ne6 31. Kf2 Ke7 32. Nb1 R4d6 33. Na3 Nd4 34. Rd2 b5 35. axb5 cxb5 36. Red1 f6 37. Bf1 a4 38. bxa4 bxa4 39. c4 Bg8 40. c5 R6d7 41. Bc4 Bxc4 42. Nxc4 Rc7 43. Nb6 Rxc5 44. Nxa4 Ra5 45. Nc3 Rda8 46. Nd5+ Kf7 47. Nb6 R8a6 48. Nc4 Ra2 49. Ne3 Rxd2+ 50. Rxd2 Ra3 51. g4 h5 52. g5 fxg5 53. hxg5 Kg6 54. Rb2 Kxg5 55. Rb7 g6 56. Re7 Kf6 57. Nd5+ Kg5 58. Rxe5+ Kh6 59. Ne3 Rxe3 60. Kxe3 Nc2+ 61. Kd3 Ne1+ 62. Ke2 Nc2 63. Rd5 Nb4 64. Rd6 Nc2 65. f4 h4 66. Kf3 Ne1+ 67. Kf2 Nc2 68. f5 Kh5 69. Rxg6 h3 70. Kg3 Ne3 71. Kxh3 Nxf5 72. Rc6 Ne3 73. Rc5+ Kg6 74. Kg3 Kf6 75. Kf3 Nf1 76. Kf2 Nd2 77. Ke3 Nf1+ 78. Kf4 Nd2 79. Rc6+ Ke7 80. e5 Nb3 81. Ke4 Nd2+ 82. Kd5 Nf3 83. Rc7+ Kd8 84. Rg7 Ke8 85. e6 Nd2 86. Ke5 Nc4+ 87. Kf6 Kd8 88. e7+ Kd7 89. Rg8 Nd6 90. Rd8+ 1-0


[Site "https://www.chess.com"]